cohdb
Replays
Latest Replays
All Replays
Popular Replays
Top Player Replays
Match Explorer
How It Works
Community
CoH3 Stats
Reddit
Sign in to upload your games and track your stats! →
Sign in with Steam
Match 42930295
Unlisted
Match 42930295
Overview
Messages
Build Orders
End
Construct Barracks
Scout Squad
1⁄4-ton 4x4 Truck
Riflemen Squad
Engineer Squad
Construct Weapon Support Center
M1919 Machine Gun Team
Mechanized Support Center
Grenade Package
M1919 Machine Gun Team
Riflemen Squad
Riflemen Squad
Riflemen Squad
Construct Medical Station
Construct Motor Pool
M3 75 mm Gun Motor Carriage
M1 Anti-tank Gun Team
Construct Tank Depot
M1918 Browning Automatic Rifles
Selects Heavy Weapons
Selects Assault Carriers
Selects Exchangeable Parts
Selects M26 Pershing Heavy Tank
.30 cal Machine Gun
M26 Pershing Heavy Tank
M4A1 Sherman Medium Tank
Selects M2HB .50cal Heavy Machine Gun
Selects Gallant Stand
Selects Black Dragon Artillery Barrage
M4A1 76mm Conversion
Designate Forward Repair Station
matrix4x4
cherno33
0
0
Comments
sign in to comment!
No comments posted yet!